AoeStats
← BigCabanossi

Hill Fort

506092079Analyzed
2v2 RM · 21d ago on Sep 12, 2026· 59m 19s· 4 players
Game mode
Random Map
Map size
Medium (4 player)
Population
200
Speed
Normal
Resources
Standard
Victory
Conquest
Starting age
Dark Age
Ending age
Imperial Age
RankedLock teamsTeams togetherTeam positionsShared explorationLock speedFull tech treeHidden civsTurbo modeCheats
Victory
Defeat
🇦🇺 Magyars · Australia
802
+20
🇦🇺 Japanese · Australia
797
+24
🇮🇳 Chinese · India
802
-42
🇧🇷 Khmer · Brazil
745
-14
N3PHO
8:08 Loom
10:53 Feudal Age
11:43 Double-Bit Axe
13:05 Horse Collar
21:25 Castle Age
19:39 Stone Mining
20:48 Bloodlines
22:59 Bow Saw
24:28 Heavy Plow
24:19 Town Watch
25:01 Scale Barding Armor
28:56 Chain Barding Armor
29:21 Husbandry
31:54 Corvinian Army
34:04 Wheelbarrow
33:44 Gold Mining
34:25 Fletching
39:09 Imperial Age
37:36 Hand Cart
37:52 Town Patrol
38:02 Bodkin Arrow
38:13 Town Patrol
40:26 Conscription
40:46 Ballistics
40:54 Murder Holes
42:50 Bracer
43:04 Elite Magyar Huszar
44:41 Gold Shaft Mining
50:50 Plate Barding Armor
50:43 Treadmill Crane
52:56 Cavalier
54:19 Paladin
59:21 Siege Engineers
BigCabanossi
12:39 Feudal Age
13:18 Loom
13:10 Man-at-Arms
15:11 Horse Collar
15:21 Double-Bit Axe
16:37 Town Watch
17:59 Wheelbarrow
18:02 Forging
25:13 Castle Age
23:56 Fletching
26:40 Hand Cart
26:55 Crossbowman
28:30 Gold Mining
28:53 Bow Saw
31:36 Bodkin Arrow
33:05 Thumb Ring
36:02 Gold Shaft Mining
39:22 Town Patrol
43:05 Pikeman
43:35 Arson
45:00 Squires
45:39 Iron Casting
47:53 Imperial Age
46:20 Stone Mining
49:56 Guard Tower
50:11 Arbalester
50:44 Halberdier
53:17 Blast Furnace
52:31 Elite Samurai
53:27 Gambesons
53:46 Scale Mail Armor
54:29 Bracer
60:00 Chain Mail Armor
59:53 Scale Barding Armor
59:49 Padded Archer Armor
59:52 Yasama
Kabeça
0:29 Loom
14:14 Feudal Age
15:50 Wheelbarrow
15:04 Double-Bit Axe
17:14 Stone Mining
20:57 Castle Age
22:56 Hand Cart
31:15 Gold Mining
32:22 Bow Saw
32:38 Forging
32:34 Scale Barding Armor
37:48 Imperial Age
39:57 Conscription
39:38 Double Crossbow
44:23 Gold Shaft Mining
46:36 Chemistry
46:34 Light Cavalry
47:24 Bloodlines
47:15 Husbandry
54:02 Caravan
56:42 Iron Casting
56:28 Chain Barding Armor
Mgb TN Ind
12:02 Feudal Age
16:19 Horse Collar
16:27 Double-Bit Axe
25:05 Wheelbarrow
27:29 Castle Age
27:20 Town Watch
30:46 Hand Cart
32:22 Heavy Plow
34:10 Bow Saw
34:08 Elite Skirmisher
34:41 Crossbowman
43:12 Imperial Age
40:47 Town Watch
42:41 Husbandry
42:53 Bloodlines
43:05 Loom
44:25 Elite Fire Lancer
44:49 Man-at-Arms
44:50 Pikeman
45:31 Squires
47:17 Town Patrol
49:17 Elite Chu Ko Nu
52:38 Chemistry
52:04 Ballistics
51:42 Arrowslits
51:52 Guard Tower
53:48 Bombard Tower
53:58 Ballistics
53:29 Guard Tower
53:25 Arrowslits
54:40 Gold Mining
56:01 Two-Man Saw
55:40 Heavy Rocket Cart
56:04 Arbalester
56:49 Thumb Ring
56:05 Heavy Cavalry Archer
58:22 Keep
57:41 Cavalier
Connection lost

Rejoining the realm…

Still unreachable

The connection could not be restored.

Session expired

The server has moved on; the page needs a fresh start.